EVO
STANFORD UNIVERSITY CARDINAL @ FRESNO STATE UNIVERSITY BULLDOGS
11/04/2047
 
TOP OF THE 1ST
Stanford University Cardinal batting - Pitching for Fresno State University Bulldogs : RHP Alex Rojas
Pitching: RHP Alex Rojas
Batting: RHB Brian Spry 0-0: Swinging Strike
0-1: Ball
1-1: Foul Ball, location: 2F
1-2: SINGLE (Line Drive, 78S, EV 93.1 MPH)
Batting: RHB Joe Gabriel 0-0: Called Strike
0-1: Swinging Strike
0-2: Foul Ball, location: 2F
0-2: SINGLE (Line Drive, 78S, EV 92.5 MPH)
Brian Spry to second
Batting: LHB Jason Duda 0-0: Swinging Strike
0-1: Foul Ball, location: 2F
0-2: Ball
1-2: Foul Ball, location: 2F
1-2: Foul Ball, location: 2F
1-2: Strikes out swinging
Batting: LHB Danny Roberts 0-0: Called Strike
0-1: Fielders Choice at 2nd, 4-6 (Groundball, 4, EV 80.6 MPH)
Brian Spry to third
Batting: RHB Nick Maxwell 0-0: Ball
1-0: Called Strike
1-1: Ball
2-1: Ball
Wild Pitch!
Brian Spry scores
Danny Roberts to second
3-1: Ground out 4-3 (Groundball, 4M, EV 81.9 MPH)
Top of the 1st over - 1 run, 2 hits, 0 errors, 1 left on base; Stanford University 1 - Fresno State University 0
BOTTOM OF THE 1ST
Fresno State University Bulldogs batting - Pitching for Stanford University Cardinal : RHP Jesus Hernandez
Pitching: RHP Jesus Hernandez
Batting: RHB Tony Nowak 0-0: Called Strike
0-1: Ball
1-1: Foul Ball, location: 2F
1-2: Fly out, F4 (Flyball, 34D, EV 90.0 MPH)
Batting: LHB Ollie Strauss 0-0: Ball
1-0: Ball
2-0: Ball
3-0: Base on Balls
Batting: SHB Carlton Stannard 0-0: Swinging Strike
0-1: Ball
1-1: Called Strike
1-2: Strikes out swinging
Batting: RHB Sandy Munoz 0-0: Ball
1-0: Ball
2-0: Fly out, F7 (Flyball, 78S, EV 79.4 MPH)
Bottom of the 1st over - 0 runs, 0 hits, 0 errors, 1 left on base; Stanford University 1 - Fresno State University 0
TOP OF THE 2ND
Stanford University Cardinal batting - Pitching for Fresno State University Bulldogs : RHP Alex Rojas
Batting: RHB John Van der Linden 0-0: Foul Ball, location: 2F
0-1: Ball
1-1: Swinging Strike
1-2: Ground out 5-3 (Groundball, 56, EV 80.0 MPH)
Batting: RHB Teh-huai Jiang 0-0: Ball
1-0: Called Strike
1-1: Foul Ball, location: 2F
1-2: SOLO HOME RUN (Flyball, 7D, EV 94.4 MPH), Distance : 370 ft
Batting: RHB Gary Preston 0-0: Fly out, F9 (Flyball, 89S, EV 85.6 MPH)
Batting: RHB Josh Benefield 0-0: Foul Ball, location: 2F
0-1: Ball
1-1: Ground out 6-3 (Groundball, 6, EV 89.4 MPH)
Top of the 2nd over - 1 run, 1 hit, 0 errors, 0 left on base; Stanford University 2 - Fresno State University 0
BOTTOM OF THE 2ND
Fresno State University Bulldogs batting - Pitching for Stanford University Cardinal : RHP Jesus Hernandez
Batting: LHB Abraham Batista 0-0: Called Strike
0-1: Ball
1-1: Fly out, F8 (Flyball, 8RD, EV 100.0 MPH)
Batting: RHB Danilo Baldia 0-0: Called Strike
0-1: Fly out, F8 (Line Drive, 8RD, EV 105.0 MPH)
Batting: LHB Brad Benanti 0-0: Foul Ball, location: 2F
0-1: Fly out, F8 (Flyball, 8LM, EV 74.4 MPH)
Bottom of the 2nd over - 0 runs, 0 hits, 0 errors, 0 left on base; Stanford University 2 - Fresno State University 0
TOP OF THE 3RD
Stanford University Cardinal batting - Pitching for Fresno State University Bulldogs : RHP Alex Rojas
Batting: RHB Brian Spry 0-0: Ball
1-0: Called Strike
1-1: Called Strike
1-2: Strikes out swinging
Batting: RHB Joe Gabriel 0-0: Ball
1-0: Foul Ball, location: 2F
1-1: Ball
2-1: SINGLE (Line Drive, 34, EV 104.4 MPH)
Batting: LHB Jason Duda 0-0: Ball
Joe Gabriel steals 2nd base
1-0: Ball
2-0: Ground out 6-3 (Groundball, 6, EV 83.8 MPH)
Batting: LHB Danny Roberts 0-0: Ball
1-0: Foul Ball, location: 2F
1-1: Foul Ball, location: 2F
1-2: Foul Ball, location: 2F
1-2: Ball
2-2: Foul Ball, location: 2F
2-2: Strikes out swinging
Top of the 3rd over - 0 runs, 1 hit, 0 errors, 1 left on base; Stanford University 2 - Fresno State University 0
BOTTOM OF THE 3RD
Fresno State University Bulldogs batting - Pitching for Stanford University Cardinal : RHP Jesus Hernandez
Batting: RHB Charles Shaw 0-0: Called Strike
0-1: Ball
1-1: Fly out, F9 (Flyball, 9S, EV 96.9 MPH)
Batting: RHB Sinfronio Carreon 0-0: Ball
1-0: SOLO HOME RUN (Line Drive, 78XD, EV 110.6 MPH), Distance : 419 ft
Batting: RHB Tony Nowak 0-0: Called Strike
0-1: Called Strike
0-2: Ball
1-2: Ball
2-2: Foul Ball, location: 2F
2-2: Ball
3-2: Fly out, F9 (Flyball, 9LSF, EV 98.1 MPH)
Batting: LHB Ollie Strauss 0-0: Called Strike
0-1: Fly out, F9 (Flyball, 9S, EV 85.0 MPH)
Bottom of the 3rd over - 1 run, 1 hit, 0 errors, 0 left on base; Stanford University 2 - Fresno State University 1
TOP OF THE 4TH
Stanford University Cardinal batting - Pitching for Fresno State University Bulldogs : RHP Alex Rojas
Batting: RHB Nick Maxwell 0-0: Foul Ball, location: 2F
0-1: Called Strike
0-2: Foul Ball, location: 2F
0-2: Ball
1-2: Fly out, F5 (Popup, 15, EV 76.9 MPH)
Batting: RHB John Van der Linden 0-0: Called Strike
0-1: Called Strike
0-2: Ground out 4-3 (Groundball, 4, EV 84.4 MPH)
Batting: RHB Teh-huai Jiang 0-0: Called Strike
0-1: Ground out 6-3 (Groundball, 6, EV 93.1 MPH)
Top of the 4th over - 0 runs, 0 hits, 0 errors, 0 left on base; Stanford University 2 - Fresno State University 1
BOTTOM OF THE 4TH
Fresno State University Bulldogs batting - Pitching for Stanford University Cardinal : RHP Jesus Hernandez
Batting: SHB Carlton Stannard 0-0: Foul Ball, location: 2F
0-1: SINGLE (Flyball, 3D, EV 88.8 MPH)
Batting: RHB Sandy Munoz 0-0: 2-RUN HOME RUN (Flyball, 89XD, EV 103.1 MPH), Distance : 387 ft
Batting: LHB Abraham Batista 0-0: Ball
1-0: Foul Ball, location: 2F
1-1: Fly out, F8 (Line Drive, 8RM, EV 85.6 MPH)
Batting: RHB Danilo Baldia 0-0: Ball
1-0: Foul Ball, location: 2F
1-1: Foul Ball, location: 2F
1-2: Ball
2-2: SINGLE (Line Drive, 6D, EV 95.6 MPH)
Batting: LHB Brad Benanti 0-0: Foul Ball, location: 2F
0-1: Foul Ball, location: 2F
0-2: Ball
Wild Pitch!
Danilo Baldia to second
1-2: Ball
2-2: Ball
3-2: Foul Ball, location: 2F
3-2: Ground out 6-3 (Groundball, 6, EV 99.4 MPH)
Batting: RHB Charles Shaw 0-0: Called Strike
0-1: Ball
1-1: Ball
2-1: Ball
3-1: Called Strike
3-2: Ground out 6-3 (Groundball, 56, EV 109.4 MPH)
Bottom of the 4th over - 2 runs, 3 hits, 0 errors, 1 left on base; Stanford University 2 - Fresno State University 3
TOP OF THE 5TH
Stanford University Cardinal batting - Pitching for Fresno State University Bulldogs : RHP Alex Rojas
Batting: RHB Gary Preston 0-0: Ball
1-0: Ball
2-0: Foul Ball, location: 2F
2-1: Foul Ball, location: 2F
2-2: Strikes out looking
Batting: RHB Josh Benefield 0-0: Called Strike
0-1: Swinging Strike
0-2: Strikes out swinging
Batting: RHB Brian Spry 0-0: Foul Ball, location: 2F
0-1: Foul Ball, location: 2F
0-2: Strikes out swinging
Top of the 5th over - 0 runs, 0 hits, 0 errors, 0 left on base; Stanford University 2 - Fresno State University 3
BOTTOM OF THE 5TH
Fresno State University Bulldogs batting - Pitching for Stanford University Cardinal : RHP Jesus Hernandez
Batting: RHB Sinfronio Carreon 0-0: Ball
1-0: Ground out 4-3 (Groundball, 4, EV 80.6 MPH)
Batting: RHB Tony Nowak 0-0: Called Strike
0-1: Swinging Strike
0-2: Strikes out looking
Batting: LHB Ollie Strauss 0-0: Called Strike
0-1: Foul Ball, location: 2F
0-2: Ball
1-2: Strikes out swinging
Bottom of the 5th over - 0 runs, 0 hits, 0 errors, 0 left on base; Stanford University 2 - Fresno State University 3
TOP OF THE 6TH
Stanford University Cardinal batting - Pitching for Fresno State University Bulldogs : RHP Alex Rojas
Batting: RHB Joe Gabriel 0-0: Ball
1-0: Called Strike
1-1: SINGLE (Line Drive, 7S, EV 90.0 MPH)
Pitching: RHP Alex Gutierrez
Batting: LHB Jason Duda 0-0: Ball
1-0: Swinging Strike
1-1: Swinging Strike
1-2: Fielders Choice at 2nd, 6-4 (Groundball, 6, EV 100.6 MPH)
Batting: LHB Danny Roberts 0-0: Ball
1-0: Fly out, F8 (Flyball, 8LXD, EV 96.9 MPH)
Batting: RHB Nick Maxwell 0-0: Ball
1-0: Called Strike
1-1: Fly out, F8 (Flyball, 8LM, EV 90.6 MPH)
Top of the 6th over - 0 runs, 1 hit, 0 errors, 1 left on base; Stanford University 2 - Fresno State University 3
BOTTOM OF THE 6TH
Fresno State University Bulldogs batting - Pitching for Stanford University Cardinal : RHP Jesus Hernandez
Batting: SHB Carlton Stannard 0-0: Ball
1-0: Fly out, F4 (Popup, 4, EV 65.6 MPH)
Batting: RHB Sandy Munoz 0-0: Ball
1-0: Called Strike
1-1: Ball
2-1: Swinging Strike
2-2: Ball
3-2: Base on Balls
Batting: LHB Abraham Batista 0-0: Ball
1-0: Ball
2-0: Foul Ball, location: 2F
2-1: DOUBLE (Line Drive, 7LS, EV 108.8 MPH)
Sandy Munoz to third
Runner from 3rd tries for Home, SAFE, throw by LF to trailing runner, SAFE at third!
Batting: RHB Danilo Baldia 0-0: Swinging Strike
0-1: Foul Ball, location: 2F
0-2: Ball
1-2: Ball
2-2: Ground out U3 (Groundball, 23, EV 86.9 MPH)
Batting: LHB Brad Benanti 0-0: SINGLE (Groundball, 4, EV 108.8 MPH)
Abraham Batista scores
Pitching: LHP Carlton Hookway
Batting: RHB Charles Shaw 0-0: Ball
1-0: Called Strike
1-1: Fly out, F8 (Flyball, 89D, EV 93.8 MPH)
Bottom of the 6th over - 2 runs, 2 hits, 0 errors, 1 left on base; Stanford University 2 - Fresno State University 5
TOP OF THE 7TH
Stanford University Cardinal batting - Pitching for Fresno State University Bulldogs : RHP Alex Gutierrez
Pitching: RHP Brian Travaglio
Batting: RHB John Van der Linden 0-0: Ball
1-0: Ball
2-0: Ball
3-0: Called Strike
3-1: Base on Balls
Batting: RHB Teh-huai Jiang 0-0: Called Strike
0-1: Ball
1-1: Foul Ball, location: 2F
1-2: SINGLE (Flyball, 78S, EV 89.4 MPH)
John Van der Linden to second
Batting: RHB Gary Preston 0-0: Ball
1-0: Foul Ball, location: 2F
1-1: Ball
2-1: Called Strike
2-2: Fly out, F2 (Popup, 5SF, EV 78.8 MPH)
Pinch Hitting: LHB Bryan Davidson 0-0: Ball
1-0: Called Strike
1-1: Foul Ball, location: 2F
1-2: Foul Ball, location: 2F
1-2: Ball
2-2: Strikes out looking
Pitching: RHP Milojica Mrdja
Batting: RHB Brian Spry 0-0: Foul Ball, location: 2F
0-1: Fly out, F8 (Flyball, 8RXD, EV 77.5 MPH)
Top of the 7th over - 0 runs, 1 hit, 0 errors, 2 left on base; Stanford University 2 - Fresno State University 5
BOTTOM OF THE 7TH
Fresno State University Bulldogs batting - Pitching for Stanford University Cardinal : LHP Carlton Hookway
Now in RF: Bryan Davidson
Batting: RHB Sinfronio Carreon 0-0: Called Strike
0-1: Ball
1-1: Swinging Strike
1-2: Ball
2-2: SINGLE (Line Drive, 89S, EV 104.4 MPH)
Batting: RHB Tony Nowak 0-0: SINGLE (Groundball, 56, EV 99.4 MPH)
Sinfronio Carreon to second
Batting: LHB Ollie Strauss 0-0: Ball
Wild Pitch!
Sinfronio Carreon to third
Tony Nowak to second
1-0: Foul Ball, location: 2F
1-1: Foul Ball, location: 2F
1-2: Ball
2-2: Ball
3-2: Base on Balls
Batting: SHB Carlton Stannard 0-0: Called Strike
0-1: Swinging Strike
0-2: Foul Ball, location: 2F
0-2: Strikes out swinging
Batting: RHB Sandy Munoz 0-0: Called Strike
0-1: Ball
1-1: Called Strike
1-2: Ball
2-2: Strikes out swinging
Batting: LHB Abraham Batista 0-0: Ball
1-0: Ball
2-0: Ball
3-0: SINGLE (Line Drive, 8LS, EV 110.6 MPH)
Sinfronio Carreon scores
Tony Nowak to third
Ollie Strauss to second
Runner from 3rd tries for Home, SAFE, throw by CF to home
Pitching: LHP Larry Steen
Batting: RHB Danilo Baldia 0-0: Ball
1-0: SINGLE (Flyball, 7LS, EV 98.8 MPH)
Ollie Strauss to third
Abraham Batista to second
Runner from 3rd tries for Home, throw by LF and OUT! 7-2
Bottom of the 7th over - 2 runs, 4 hits, 0 errors, 2 left on base; Stanford University 2 - Fresno State University 7
TOP OF THE 8TH
Stanford University Cardinal batting - Pitching for Fresno State University Bulldogs : RHP Milojica Mrdja
Batting: RHB Joe Gabriel 0-0: Called Strike
0-1: Swinging Strike
0-2: Strikes out looking
Batting: LHB Jason Duda 0-0: Ball
1-0: Foul Ball, location: 2F
1-1: Called Strike
1-2: Fly out, F9 (Line Drive, 89M, EV 103.1 MPH)
Batting: LHB Danny Roberts 0-0: Ball
1-0: Ball
2-0: Ball
3-0: Base on Balls
Batting: RHB Nick Maxwell 0-0: Called Strike
0-1: Ball
1-1: Called Strike
1-2: Ground out 4-3 (Groundball, 4MS, EV 75.6 MPH)
Top of the 8th over - 0 runs, 0 hits, 0 errors, 1 left on base; Stanford University 2 - Fresno State University 7
BOTTOM OF THE 8TH
Fresno State University Bulldogs batting - Pitching for Stanford University Cardinal : LHP Larry Steen
Batting: LHB Brad Benanti 0-0: Called Strike
0-1: Ball
1-1: Foul Ball, location: 2F
1-2: Foul Ball, location: 2F
1-2: SINGLE (Line Drive, 56D, EV 105.6 MPH)
Batting: RHB Charles Shaw 0-0: Ball
1-0: SINGLE (Groundball, 34D, EV 95.6 MPH)
Brad Benanti to second
Runner from 2nd tries for 3rd, SAFE, throw by RF made to third
Batting: RHB Sinfronio Carreon 0-0: Called Strike
0-1: Ball
1-1: Ball
2-1: Swinging Strike
2-2: Fielders Choice at 2nd, 4-6 (Groundball, 4, EV 78.8 MPH)
Brad Benanti scores
Batting: RHB Tony Nowak 0-0: Ball
1-0: Foul Ball, location: 2F
1-1: Ball
2-1: Foul Ball, location: 2F
2-2: Foul Ball, location: 2F
2-2: Strikes out swinging
Pitching: RHP Cam Hurley
Batting: LHB Ollie Strauss 0-0: Called Strike
0-1: Fly out, F7 (Line Drive, 78S, EV 95.6 MPH)
Bottom of the 8th over - 1 run, 2 hits, 0 errors, 1 left on base; Stanford University 2 - Fresno State University 8
TOP OF THE 9TH
Stanford University Cardinal batting - Pitching for Fresno State University Bulldogs : RHP Milojica Mrdja
Pitching: RHP Marcos Caldera
Batting: RHB John Van der Linden 0-0: Ball
1-0: Called Strike
1-1: Ground out 6-3 (Groundball, 6M, EV 87.5 MPH)
Batting: RHB Teh-huai Jiang 0-0: Ball
1-0: Fly out, F8 (Flyball, 8LD, EV 86.9 MPH)
Batting: RHB Gary Preston 0-0: Ball
1-0: DOUBLE (Flyball, 89D, EV 111.9 MPH)
Batting: LHB Bryan Davidson 0-0: Ball
1-0: Called Strike
1-1: Ball
2-1: Swinging Strike
2-2: Ball
3-2: Foul Ball, location: 2F
3-2: Base on Balls
Batting: RHB Brian Spry 0-0: Called Strike
0-1: DOUBLE (Line Drive, 78D, EV 103.8 MPH)
Gary Preston scores
Bryan Davidson to third
Batting: RHB Joe Gabriel 0-0: Ground out 5-3 (Groundball, 56S, EV 78.8 MPH)
Top of the 9th over - 1 run, 2 hits, 0 errors, 2 left on base; Stanford University 3 - Fresno State University 8
Thursday, December 15th , 2022 - OOTP Baseball 23.9 Build 102